AoeStats
← waLLefps.

Arabia

507809502Analyzed
4v4 RM · 12d ago on Sep 19, 2026· 35m 59s· 8 players
Game mode
Random Map
Map size
Large (8 player)
Population
200
Speed
Normal
Resources
Standard
Victory
Conquest
Starting age
Dark Age
Ending age
Imperial Age
RankedLock teamsTeams togetherTeam positionsShared explorationLock speedFull tech treeHidden civsTurbo modeCheats
Victory
Defeat
🇲🇦 Maya · Morocco
1588
+9
🇨🇭 Khmer · Switzerland
1476
+13
🇫🇷 Persians · France
1435
+15
🇫🇷 Britons · France
1388
+17
🇹🇷 Persians · Türkiye
1489
-16
🇹🇷 Malay · Türkiye
1487
-16
🇹🇷 Wei · Türkiye
1393
-13
🇹🇷 Vietnamese · Türkiye
1292
-9
g2b
6:06 Loom
8:48 Feudal Age
9:19 Horse Collar
9:26 Double-Bit Axe
17:46 Forging
23:06 Castle Age
21:25 Scale Barding Armor
21:52 Bloodlines
23:08 Light Cavalry
23:49 Husbandry
24:12 Chain Barding Armor
24:37 Gold Mining
27:33 Wheelbarrow
27:54 Iron Casting
28:46 Bow Saw
30:31 Heavy Plow
36:11 Imperial Age
33:57 Hand Cart
35:03 Gold Shaft Mining
34:22 Stone Mining
35:50 Cavalier
37:07 Plate Barding Armor
37:32 Blast Furnace
37:06 Crop Rotation
BehCoY
5:49 Loom
9:12 Feudal Age
9:51 Double-Bit Axe
9:47 Horse Collar
16:08 Scale Barding Armor
16:18 Forging
23:04 Castle Age
21:49 Bloodlines
22:13 Gold Mining
24:19 Wheelbarrow
23:52 Husbandry
24:13 Chain Barding Armor
27:07 Bow Saw
28:20 Hand Cart
29:02 Iron Casting
30:35 Stone Mining
36:15 Imperial Age
Skrillll
0:25 Loom
8:52 Feudal Age
10:02 Double-Bit Axe
15:18 Fletching
22:28 Castle Age
21:15 Horse Collar
21:28 Gold Mining
22:07 Padded Archer Armor
22:34 Crossbowman
23:15 Bodkin Arrow
23:41 Bow Saw
25:08 Wheelbarrow
25:59 Ballistics
26:17 Leather Archer Armor
31:46 Imperial Age
31:51 Arbalester
32:32 Bracer
33:07 Hand Cart
33:05 Thumb Ring
34:30 Chemistry
33:49 Capped Ram
36:05 Ring Archer Armor
36:47 Hand Cart
atchoubaka
6:58 Loom
9:25 Feudal Age
12:12 Fletching
17:03 Padded Archer Armor
26:03 Castle Age
24:14 Horse Collar
24:23 Double-Bit Axe
26:25 Crossbowman
27:01 Bodkin Arrow
28:59 Ballistics
30:26 Leather Archer Armor
30:36 Heavy Plow
30:49 Bow Saw
32:46 Wheelbarrow
klostrofobikköstebek
6:26 Loom
8:57 Feudal Age
17:58 Scale Barding Armor
21:08 Forging
22:04 Bloodlines
21:43 Horse Collar
29:09 Castle Age
28:09 Double-Bit Axe
28:15 Gold Mining
29:37 Husbandry
31:16 Wheelbarrow
33:27 Iron Casting
waLLefps.
4:40 Loom
9:30 Feudal Age
9:15 Double-Bit Axe
13:43 Fletching
15:06 Padded Archer Armor
19:40 Horse Collar
26:29 Castle Age
26:13 Bodkin Arrow
25:55 Crossbowman
Tameryig1t
6:27 Loom
8:57 Feudal Age
9:45 Double-Bit Axe
14:43 Horse Collar
15:31 Scale Barding Armor
24:01 Castle Age
22:53 Forging
23:05 Gold Mining
23:06 Stone Mining
24:44 Husbandry
24:55 Bloodlines
26:57 Bow Saw
29:39 Wheelbarrow
32:27 Hand Cart
33:33 Chain Barding Armor
33:48 Iron Casting
Fırtına
7:18 Loom
9:19 Feudal Age
10:17 Double-Bit Axe
11:34 Horse Collar
16:38 Wheelbarrow
19:02 Fletching
19:23 Forging
25:05 Castle Age
23:22 Scale Mail Armor
23:22 Padded Archer Armor
23:43 Gold Mining
25:26 Crossbowman
26:22 Thumb Ring
26:24 Bodkin Arrow
27:41 Pikeman
Connection lost

Rejoining the realm…

Still unreachable

The connection could not be restored.

Session expired

The server has moved on; the page needs a fresh start.